 Dungeon Crawl Stone Soup version 0.19.0-2-gae57169 (webtiles) character file.

273 xeno23 the Firebug (level 6, -8/32 HPs)
             Began as a Deep Elf Fire Elementalist on Nov 5, 2016.
             Mangled by a hill giant
             ... wielding a +0 giant club
              (28 damage)
             ... on level 5 of the Dungeon.
             The game lasted 00:07:41 (2860 turns).

xeno23 the Firebug (Deep Elf Fire Elementalist)     Turns: 2860, Time: 00:07:43

Health: -8/32      AC:  3    Str:  5    XL:     6   Next: 2%
Magic:  8/14       EV: 13    Int: 22    God:
Gold:   202        SH:  0    Dex: 15    Spells: 3 memorised, 6 levels left

rFire  . . .     SeeInvis .     u - +4 dagger (venom)
rCold  . . .     Gourm    .     a - +0 robe
rNeg   . . .     Faith    .     (no shield)
rPois  .         Spirit   .     (no helmet)
rElec  .         Reflect  .     (no cloak)
rCorr  .         Harm     .     l - +0 pair of gloves
MR     .....                    (no boots)
Stlth  ++........               (no amulet)
                                (no ring)
                                w - ring of flight

@: no status effects
A: no striking features
a: Evoke Flight


You were on level 5 of the Dungeon.
You were not hungry.

You visited 1 branch of the dungeon, and saw 5 of its levels.

You collected 202 gold pieces.

Inventory:

Hand Weapons
 u - a +4 dagger of venom (weapon)
Armour
 a - a +0 robe (worn)
 l - a +0 pair of gloves (worn)
Jewellery
 o - an uncursed ring of stealth {unknown}
 w - a ring of flight (left hand)
 B - an uncursed ring of poison resistance {unknown}
 C - an uncursed amulet of magic regeneration {unknown}
 E - a +3 ring of protection {unknown}
Scrolls
 d - 2 scrolls of identify {unknown}
 e - a scroll of enchant weapon {unknown}
 i - a scroll of random uselessness {unknown}
 j - 2 scrolls of blinking {unknown}
 m - 2 scrolls of immolation {unknown}
 q - a scroll of magic mapping {unknown}
 v - a scroll of remove curse {unknown}
 x - 2 scrolls of fear {unknown}
 y - 2 scrolls of fog {unknown}
 A - 2 scrolls of noise {unknown}
 D - a scroll of teleportation {unknown}
Potions
 h - a potion of berserk rage {unknown}
 k - 4 potions of curing {unknown}
 n - 2 potions of degeneration {unknown}
 p - 2 potions of cancellation {unknown}
 r - a potion of haste {unknown}
 s - 2 potions of invisibility {unknown}
 t - 2 potions of lignification {unknown}
 z - a potion of heal wounds {unknown}
Books
 b - a book of Flames

   Spells                             Type                      Level
   a - Flame Tongue                   Conjuration/Fire             1
   b - Throw Flame                    Conjuration/Fire             2
   c - Conjure Flame                  Conjuration/Fire             3
   d - Inner Flame                    Hexes/Fire                   3
   e - Sticky Flame                   Conjuration/Fire             4
   f - Fireball                       Conjuration/Fire             5
Comestibles
 c - 4 bread rations
 f - 3 fruits
 g - 4 meat rations
 F - 2 chunks of flesh


   Skills:
 - Level 2.4 Dodging
 - Level 2.4 Stealth
 + Level 4.6 Spellcasting
 * Level 4.3 Conjurations
 * Level 5.2 Fire Magic


You had 6 spell levels left.
You knew the following spells:

 Your Spells              Type           Power        Failure   Level  Hunger
a - Flame Tongue          Conj/Fire      ####.        1%          1    None
d - Conjure Flame         Conj/Fire      ####....     6%          3    ##.....
s - Sticky Flame          Conj/Fire      ####....     17%         4    ####...


Dungeon Overview and Level Annotations

Branches:
Dungeon (5/15)
 Temple: D:4-7

Altars:
Gozag
Nemelex Xobeh
Ru
Uskayaw
Zin


Message History

The hill giant is engulfed in roaring flames.
Casting: Flame Tongue
Confirm with . or Enter, or press ? or * to list all spells.
Aiming: Flame Tongue
Press: ? - help, Shift-Dir - straight line, f/p - hill giant
Aim: a hill giant, wielding a giant club (heavily wounded)
The flame tongue hits the hill giant.
The hill giant is heavily wounded.
The hill giant hits you with a giant club!
You take 14 damage.
There is a stone staircase leading down, spattered with blood here.
The orc throws a tomahawk.
The tomahawk closely misses you.
The orc throws a tomahawk.
The tomahawk barely misses you.
There is a stone staircase leading up here.
You see here 2 tomahawks.
Your magical contamination has completely faded away.
Found a cyan potion.
The hill giant hits you with a giant club!!
Ouch! That really hurt!
You die...

####################
####..<...............#
.........o.....C@.###
..#...###########.#
......# .# .o#...# ..
.###### ### ##


You could see a hill giant and an orc.

Vanquished Creatures
  An orc wizard (D:4)
  An iguana (D:4)
  A worker ant (D:4)
  A hound skeleton (D:4)
  7 gnolls
  3 adders
  4 worms
  2 dart slugs
  2 leopard geckos
  3 orcs
  8 bats
  5 giant cockroaches
  8 goblins
  6 hobgoblins
  5 jackals
  2 quokkas
  2 frilled lizards
  5 kobolds
  7 rats
73 creatures vanquished.

Notes
Turn   | Place    | Note
-------+----------+-------------------------------------------
     0 | D:1      | xeno23 the Deep Elf Fire Elementalist began the quest for the Orb.
     0 | D:1      | Reached XP level 1. HP: 10/10 MP: 6/6
   674 | D:2      | Reached XP level 2. HP: 15/15 MP: 4/8
   790 | D:2      | Reached XP level 3. HP: 19/19 MP: 4/9
   792 | D:2      | Reached skill level 4 in Fire Magic
  1062 | D:2      | Found a hide-covered altar of Uskayaw.
  1062 | D:2      | Found a sacrificial altar of Ru.
  1116 | D:2      | Learned a level 3 spell: Conjure Flame
  1348 | D:2      | Reached XP level 4. HP: 21/24 MP: 7/11
  1904 | D:3      | Learned a level 4 spell: Sticky Flame
  1963 | D:4      | Reached XP level 5. HP: 22/28 MP: 4/13
  2121 | D:4      | Found an opulent altar of Gozag.
  2193 | D:4      | Found a sacrificial altar of Ru.
  2316 | D:4      | Found a sparkling altar of Nemelex Xobeh.
  2448 | D:4      | Reached skill level 5 in Fire Magic
  2580 | D:4      | Found a glowing silver altar of Zin.
  2580 | D:4      | Noticed an angel
  2635 | D:4      | Reached XP level 6. HP: 32/32 MP: 4/14
  2791 | D:5      | Entered Level 5 of the Dungeon
  2815 | D:5      | Noticed a hill giant
  2860 | D:5      | Mangled by a hill giant

Skill      XL: |  1  2  3  4  5 |
---------------+----------------+-----
Conjurations   | 2 3 4 |  4.3
Fire Magic     | 4 5 |  5.2
Spellcasting   | 4 |  4.6
Dodging        | |  2.4
Stealth        | |  2.4

Action                   |  1- 3 |  4- 6 || total
-------------------------+-------+-------++-------
Melee: Unarmed           |    12 |       ||    12
       Dagger            |     4 |     3 ||     7
 Cast: Flame Tongue      |    54 |   105 ||   159
       Conjure Flame     |       |     1 ||     1
 Stab: Sleeping          |     1 |     1 ||     2
  Eat: Chunk             |     1 |     5 ||     6
Armor: Robe              |    12 |     6 ||    18
Dodge: Dodged            |    25 |    23 ||    48
